 Dungeon Crawl Stone Soup version 0.19.5 (webtiles) character file.

255 theanonym the Covert (level 5, -1/25 HPs)
             Began as a Spriggan Assassin on Mar 19, 2017.
             Killed from afar by an orc wizard (7 damage)
             ... with a puff of flame
             ... on level 4 of the Dungeon.
             The game lasted 00:10:20 (4133 turns).

theanonym the Covert (Spriggan Assassin)            Turns: 4133, Time: 00:10:20

Health: -1/25      AC:  3    Str:  7    XL:     5   Next: 91%
Magic:  6/6        EV: 21    Int: 21    God:
Gold:   181        SH:  0    Dex: 19    Spells: 0 memorised, 4 levels left

rFire  . . .     SeeInvis +     a - +2 dagger
rCold  . . .     Gourm    .     c - +0 robe
rNeg   . . .     Faith    .     (shield restricted)
rPois  .         Spirit   .     (helmet restricted)
rElec  .         Reflect  .     u - +0 cloak
rCorr  .         Harm     .     (gloves unavailable)
MR     .....                    (boots unavailable)
Stlth  ++++......               (no amulet)
                                (no ring)
                                l - +4 ring of intelligence

@: brilliant, very quick
A: unfitting armour, see invisible, herbivore 3, speed 3, slow metabolism 2
a: no special abilities


You were on level 4 of the Dungeon.
You were hungry.

You visited 1 branch of the dungeon, and saw 4 of its levels.

You collected 181 gold pieces.

Inventory:

Hand Weapons
 a - a +2 dagger (weapon)
 b - a +0 blowgun
Missiles
 e - 15 poisoned needles
 f - 2 curare-tipped needles
 k - 9 tomahawks (quivered)
Armour
 c - a +0 robe (worn)
 d - a +0 cloak
 u - a +0 cloak (worn)
   (You found it on level 3 of the Dungeon)
Jewellery
 l - a +4 ring of intelligence (left hand)
   (You found it on level 4 of the Dungeon)
 s - an uncursed amulet of faith {Faith, !P}
   (You found it on level 2 of the Dungeon)
Scrolls
 j - 2 scrolls of blinking {unknown}
 m - 2 scrolls of magic mapping {!r}
 p - 2 scrolls of remove curse
 v - a scroll of enchant armour {unknown}
Potions
 h - a potion of mutation {unknown}
 i - a potion of agility {unknown}
 n - a potion of lignification {unknown}
 q - a potion of brilliance
 r - a potion of curing {unknown}
 t - a potion of degeneration {unknown}
Comestibles
 g - 3 bread rations {@e1}
 o - 3 fruits


   Skills:
 - Level 1.5 Fighting
 + Level 4.3 Short Blades
 - Level 2.0 Throwing
 + Level 4.8 Dodging
 + Level 8.0 Stealth


You had 4 spell levels left.
You didn't know any spells.

Dungeon Overview and Level Annotations

Branches:
Dungeon (4/15)
 Temple: D:4-7

Altars:
Trog
Zin

Shops:
D:4 [

Annotations:
D:4 exclusions: ogre and worker ant


Innate Abilities, Weirdness & Mutations

You are very small and have problems with some larger weapons.
You are too small for most types of armour.
You have supernaturally acute eyesight. (SInv)
You are a herbivore.
You cover ground extremely quickly.
You need consume almost no food.


Message History

You kill the frilled lizard!
q - 2 silvery potions
j - 2 scrolls labeled EXTIRI OQEE (gained 1)
v - a scroll labeled FOARUP GOS TOSIXT Health restored: 25 An adder comes into view.
You see here a scroll of magic mapping {!r}.
The helpless adder fails to defend itself.
You spit the adder like a pig!!!
You kill the adder!
No target in view!
No target in view!
No target in view!
No target in view!
No target in view!
No target in view!
No target in view!
No target in view!
No target in view!
m - 2 scrolls of magic mapping {!r} (gained 1)
Found Mara's Armour Emporium.
An orc comes into view. It is wielding a short sword.
An orc comes into view. It is wielding a dagger.
The orc shouts!
You closely miss the orc.
The orc shouts!
You hear a shout! x2
You closely miss the orc. You hit the orc. You hit the orc.
You kill the orc!
You hit the orc. The orc hits you but does no damage.
An orc wizard comes into view. It is wielding a dagger.
You hit the orc.
You kill the orc!
You hit the orc wizard but do no damage.
You closely miss the orc wizard.
The orc wizard mumbles some strange words.
The orc wizard flickers and vanishes for a moment.
You hit the orc wizard but do no damage.
The orc wizard completely misses you.
You barely miss the orc wizard. The orc wizard hits you with a dagger.
You take 2 damage, and have 23/25 hp.
You barely miss the orc wizard. You miss the orc wizard.
The orc wizard closely misses you.
You closely miss the orc wizard. The orc wizard closely misses you.
You closely miss the orc wizard. The orc wizard casts a spell at you.
The magic dart hits you!
You take 7 damage, and have 16/25 hp.
MASSIVE DAMAGE!!
You hit the orc wizard.
The orc wizard points at you and mumbles some strange words.
You are confused.
You are too confused!
Unknown command.
Unknown command.
Unknown command.
Unknown command.
Unknown command.
Unknown command.
Unknown command.
Unknown command.
You're too confused to move!
The orc wizard completely misses you.
Unknown command.
Unknown command.
Unknown command.
Unknown command.
Unknown command.
Unknown command.
You barely miss the orc wizard. You miss the orc wizard.
The orc wizard casts a spell at you.
You easily resist.
You closely miss the orc wizard. The orc wizard barely misses you.
The orc wizard closely misses you.
You hit the orc wizard.
You feel less confused. The orc wizard misses you.
You closely miss the orc wizard. You hit the orc wizard.
The orc wizard casts a spell at you. The magic dart hits you!
You take 7 damage, and have 10/25 hp.
MASSIVE DAMAGE!!
You miss the orc wizard. The orc wizard casts a spell at you.
You easily resist.
You hit the orc wizard.
The orc wizard hits you but does no damage.
You hit the orc wizard but do no damage.
The orc wizard points at you and mumbles some strange words.
The magic dart hits you!
* * * LOW HITPOINT WARNING * * *
You take 4 damage, and have 6/25 hp.
It was a potion of brilliance.
You feel clever all of a sudden. The orc wizard casts a spell at you.
The puff of flame hits you!
You die...

#.# #.#.# #.######
#.# #.#.###.##....
..# #.....##.... #.#
#..######### ##?#
#..# #. ..# #..# #.
#####)#.###..# #.
#...#o#......# #.
#.#.#@######.# #.
#.#.#.#...##.# #.
#######.#.#.#.#....#
##
#.......#..∩#.#....#
#.###########....#.#
#.# #..###.# #.#
#..#...#
#.##############.###
#................#


You could see an orc wizard (invisible).

Vanquished Creatures
  Sigmund (D:2)
  A worker ant (D:4)
  2 adders
  A worm (D:3)
  2 dart slugs
  3 orcs
  7 bats
  A giant cockroach (D:2)
  10 goblins
  7 hobgoblins
  A quokka (D:3)
  A ball python skeleton (D:4)
  5 frilled lizards
  7 kobolds
  7 rats
56 creatures vanquished.

Vanquished Creatures (others)
  A wizard (D:3)
1 creature vanquished.

Grand Total: 57 creatures vanquished

Notes
Turn   | Place    | Note
-------+----------+-------------------------------------------
     0 | D:1      | theanonym the Spriggan Assassin began the quest for the Orb.
     0 | D:1      | Reached XP level 1. HP: 10/10 MP: 2/2
    48 | D:1      | Reached skill level 6 in Stealth
   493 | D:1      | Reached XP level 2. HP: 8/14 MP: 3/3
   667 | D:1      | Reached skill level 2 in Dodging
  1306 | D:1      | Reached XP level 3. HP: 18/18 MP: 4/4
  2345 | D:2      | Found a bloodstained altar of Trog.
  2426 | D:2      | Reached skill level 3 in Short Blades
  2445 | D:2      | Noticed Sigmund
  2447 | D:2      | Killed Sigmund
  2447 | D:2      | Reached skill level 4 in Short Blades
  2447 | D:2      | Reached skill level 4 in Dodging
  2447 | D:2      | Reached skill level 7 in Stealth
  2447 | D:2      | Reached XP level 4. HP: 22/22 MP: 5/5
  2447 | D:2      | Reached XP level 5. HP: 25/25 MP: 6/6
  2735 | D:3      | Found a bloodstained altar of Trog.
  2751 | D:3      | Noticed a wizard
  2755 | D:3      | Killed a wizard
  3152 | D:3      | Found a glowing silver altar of Zin.
  3239 | D:3      | HP: 6/25 [poisoned by a worker ant]
  3247 | D:3      | HP: 5/25 [poisoned by a worker ant]
  3596 | D:4      | Noticed an ogre
  3691 | D:4      | Reached skill level 8 in Stealth
  4099 | D:4      | Found Mara's Armour Emporium.
  4132 | D:4      | HP: 6/25 [orc wizard/magic dart (4)]
  4133 | D:4      | Killed from afar by an orc wizard

Skill      XL: |  1  2  3  4  5 |
---------------+----------------+-----
Stealth        | 6 7 8 |  8.0
Dodging        | 2 4 |  4.8
Short Blades   | 4 |  4.3
Fighting       | |  1.5
Throwing       | |  2.0

Action                   |  1- 3 |  4- 6 || total
-------------------------+-------+-------++-------
Melee: Short sword       |   100 |       ||   100
       Dagger            |    57 |    70 ||   127
  Use: Scroll            |     3 |     2 ||     5
       Potion            |       |     2 ||     2
 Stab: Sleeping          |    12 |     6 ||    18
       Distracted        |     1 |       ||     1
Armor: Robe              |    19 |     4 ||    23
Dodge: Dodged            |   135 |    38 ||   173

Vault maps used:
D:1:      zelgadis_glass_arrival_small, minivault_5, grunt_decor_mini_mirrors,
          dk_noncrumbling_2, grunt_decor_cap
D:2:      trog_three_pillars_becter, uniq_sigmund
D:3:      zin_scriptorium, trog_wizard
D:4:      elyvilon_altar_3, chequers_temple_overflow_statue_of_worship,
          first_bread, serial_shops, shop

Table legend:
 A = Turns spent in this place as a percentage of turns spent in the entire game.
 B = Non-inter-level travel turns spent in this place as a percentage of non-inter-level travel turns spent in the entire game.
 C = Inter-level travel turns spent in this place as a percentage of turns spent in this place.
 D = Turns resting spent in this place as a percentage of non-inter-level travel turns spent in this place.
 E = Turns spent auto-exploring this place as a percentage of non-inter-level travel turns spent in this place.
 F = Non-inter-level travel turns spent in this place divided by the number of levels of this place that you've seen.
                   A       B       C       D       E      F
               +-------+-------+-------+-------+-------+----------------------
         Total | 100.0 | 100.0 |   0.9 |   3.1 |  10.6 | 213.0
       Dungeon | 100.0 | 100.0 |   0.9 |   3.1 |  10.6 | 213.0
               +-------+-------+-------+-------+-------+----------------------

Table legend:
 A = Kills in this place as a percentage of kills in entire the game.
 B = Kills by you in this place as a percentage of kills by you in the entire game.
 C = Kills by friends in this place as a percentage of kills by friends in the entire game.
 D = Other kills in this place as a percentage of other kills in the entire game.
 E = Experience gained in this place as a percentage of experience gained in the entire game.
 F = Experience gained in this place divided by the number of levels of this place that you have seen.
                   A       B       C       D       E      F
               +-------+-------+-------+-------+-------+----------------------
         Total | 100.0 | 100.0 |  -nan |  -nan | 100.0 |  91.2
       Dungeon | 100.0 | 100.0 |  -nan |  -nan | 100.0 |  91.2
               +-------+-------+-------+-------+-------+----------------------
